 Dungeon Crawl Stone Soup version 0.19-a0-1071-g4ed3155 (webtiles) character file.

165 4thArraOfDagon the Chopper (level 5, -4/45 HPs)
             Began as a Minotaur Berserker on Aug 5, 2016.
             Was a Follower of Trog.
             Slain by Grinder (5 damage)
             ... on level 5 of the Dungeon.
             The game lasted 00:01:55 (517 turns).

4thArraOfDagon the Chopper (Minotaur Berserker)      Turns: 517, Time: 00:01:56

Health: -4/45      AC:  2    Str: 23    XL:     5   Next: 21%
Magic:  4/4        EV: 12    Int:  7    God:    Trog [*.....]
Gold:   71         SH:  0    Dex:  9    Spells: 0 memorised, 4 levels left

rFire  . . .     SeeInvis .     a - +0 hand axe
rCold  . . .     Gourm    .     b - +0 animal skin
rNeg   . . .     Faith    .     (no shield)
rPois  .         Spirit   .     (helmet restricted)
rElec  .         Dismiss  .     (no cloak)
rCorr  .         Reflect  .     (no gloves)
SustAt .         Harm     .     (no boots)
MR     ++...                    (no amulet)
Stlth  +.........               (no ring)
                                l - +3 ring of intelligence

@: exhausted, regenerating, slowed, very slow
A: retaliatory headbutt, horns 2
a: Berserk, Burn Spellbooks, Renounce Religion


You were on level 5 of the Dungeon.
You worshipped Trog.
Trog was aware of your devotion.
You were very hungry.

You visited 1 branch of the dungeon, and saw 5 of its levels.

You collected 71 gold pieces.

Inventory:

Hand Weapons
 a - a +0 hand axe (weapon)
Armour
 b - a +0 animal skin (worn)
Jewellery
 l - a +3 ring of intelligence (left hand)
Scrolls
 d - 3 scrolls of identify {unknown}
 e - a scroll of amnesia {unknown}
 f - 2 scrolls of teleportation {unknown}
 j - a scroll of noise {unknown}
 k - a scroll of enchant weapon {unknown}
Potions
 i - a potion of heal wounds {unknown}
Comestibles
 c - 3 bread rations
 h - 2 meat rations


   Skills:
 - Level 3.6 Fighting
 * Level 6.3 Axes
 + Level 4.1 Armour
 - Level 2.1 Dodging


You had 4 spell levels left.
You didn't know any spells.

Dungeon Overview and Level Annotations

Branches:
Dungeon (4/15)
 Temple: D:4-7

Altars:

Annotations:
D:5 Grinder


Innate Abilities, Weirdness & Mutations

You reflexively headbutt those who attack you in melee.
You have a pair of horns on your head.


Message History

You are too injured to fight recklessly!
You closely miss Grinder.
Grinder is moderately wounded.
Grinder misses you.
You slash Grinder!
Grinder is heavily wounded.
You closely miss Grinder.
Grinder is heavily wounded.
Grinder hits you!
* * * LOW HITPOINT WARNING * * *
You barely miss Grinder. You headbutt Grinder.
Grinder is heavily wounded.
You are no longer berserk.
You are exhausted.
You feel yourself slow down.
You are feeling very hungry.
Grinder hits you.
* * * LOW HITPOINT WARNING * * *
You writhe in agony.
You die...

#.#...(#
#.#..(.#
#.#.(..#
######..?...##
#........!...#
#.####(.#!##.#
#.......# .#
#.).....##.#
#..@........
#..#5......#
#.............
###.......##.#
##.##.#.....
#. ...... #.
...... .. ...
..


You could see Grinder.

Vanquished Creatures
  A centaur (D:5)
  A wyvern skeleton (D:5)
  An adder (D:2)
  A worm (D:3)
  A giant gecko (D:5)
  A giant cockroach (D:4)
  4 goblins
  2 hobgoblins (D:3)
  2 jackals (D:3)
  A kobold (D:3)
  2 bats
  3 giant newts
  A rat (D:3)
21 creatures vanquished.

Notes
Turn   | Place    | Note
-------+----------+-------------------------------------------
     0 | D:1      | 4thArraOfDagon the Minotaur Berserker began the quest for the Orb.
     0 | D:1      | Reached XP level 1. HP: 19/19 MP: 0/0
    78 | D:1      | You fall through a shaft!
    98 | D:2      | Reached skill level 4 in Axes
    98 | D:2      | Reached XP level 2. HP: 17/26 MP: 1/1
   371 | D:3      | Reached XP level 3. HP: 25/31 MP: 2/2
   447 | D:4      | You fall through a shaft!
   447 | D:5      | Entered Level 5 of the Dungeon
   455 | D:5      | Reached skill level 5 in Axes
   455 | D:5      | Reached XP level 4. HP: 27/39 MP: 3/3
   462 | D:5      | Noticed a centaur
   467 | D:5      | Reached ** piety under Trog
   502 | D:5      | Noticed Grinder
   510 | D:5      | Killed a centaur
   510 | D:5      | Reached skill level 6 in Axes
   510 | D:5      | Reached XP level 5. HP: 14/45 MP: 4/4
   517 | D:5      | HP: 1/45 [Grinder (6)]
   517 | D:5      | Slain by Grinder

Vault maps used:
D:1:      minmay_arrival_arboretum_small, minmay_misc_feat_columns,
          supply_closet_lemuel
D:2:      uniq_natasha
D:3:      nicolae_overflow_hidden_temple, portal_sewer_entry_d, uniq_jessica
D:4:      uniq_eustachio
D:5:      first_bread, uniq_grinder

Skill      XL: |  1  2  3  4 |
---------------+-------------+-----
Axes           | 4 5 6 |  6.3
Armour         | 3 4 |  4.1
Fighting       | |  3.6
Dodging        | |  2.1

Action                   |  1- 3 |  4- 6 || total
-------------------------+-------+-------++-------
Melee: Hand axe          |    38 |    11 ||    49
       Headbutt          |     7 |     1 ||     8
Invok: Berserk           |     1 |     1 ||     2
       Trog's Hand       |       |     1 ||     1
  Use: Potion            |       |     1 ||     1
 Stab: Sleeping          |     1 |       ||     1
Armor: Animal skin       |     5 |       ||     5
Dodge: Dodged            |    27 |    11 ||    38
